[Event "*** SCC Grand Prix: Titled Tuesday Blitz"]
[Site "Chess.com"]
[Date "2020.07.21"]
[Round "7"]
[White "Kobalia"]
[Black "hansen"]
[Result "0-1"]
[WhiteElo "2758"]
[BlackElo "2916"]
[TimeControl "180+1"]
[EndTime "11:16:15 PDT"]
[Termination "hansen won by resignation"]

1. e4 e5 2. Nf3 Nc6 3. Bb5 a6 4. Ba4 Nf6 5. O-O Be7 6. d3 d6 7.
c3 O-O 8. Nbd2 Nd7 9. Bc2 Nb6 10. Re1 f5 11. d4 f4 12. dxe5 dxe5 13. Bb3+ Kh8 14.
Nc4 Nxc4 15. Bxc4 Bd6 16. b4 g5 17. a4 g4 18. Nd2 Rf6 19. Ba3 Rh6 20. g3 Qg5 21. b5 Na5 22. Bf1 Bxa3 23. Rxa3 Rd6 24.
Ra2 Be6 25. Rb2 Rad8 26. bxa6 bxa6 27. Qc1 fxg3 28. Nc4 Qxc1 29. Rxc1 gxh2+ 30. Kxh2 Bxc4 0-1

[Event "*** SCC Grand Prix: Titled Tuesday Blitz"]
[Site "Chess.com"]
[Date "2020.07.21"]
[Round "7"]
[White "26andrej26"]
[Black "frederiksvane"]
[Result "0-1"]
[WhiteElo "2522"]
[BlackElo "2674"]
[TimeControl "180+1"]
[EndTime "11:16:17 PDT"]
[Termination "frederiksvane won by resignation"]

1. e4 c5 2. Nf3 e6 3. d4 cxd4 4. Nxd4 a6 5. Nc3 Qc7 6. Bd3 Bc5 7. Nb3 Be7 8. f4 d6 9. O-O Nf6 10. e5 dxe5 11. fxe5 Qxe5 12. Bf4 Qh5 13. Qe1 O-O 14.
Rf3 Nc6 15. Ne4 e5 16. Bg3 Bg4 17. Rf1 Rad8 18. h3 Be6 19. Nbc5 Nxe4 20. Nxe4 Nb4 21.
Be2 Qg6 22. Bf3 Nxc2 23. Qc3 Nxa1 24. Rxa1 f5 25. Nc5 Bxc5+ 26. Qxc5 Qxg3 0-1

[Event "*** SCC Grand Prix: Titled Tuesday Blitz"]
[Site "Chess.com"]
[Date "2020.07.21"]
[Round "7"]
[White "MagnusSeinFanboy"]
[Black "MIJUAREZ"]
[Result "1-0"]
[WhiteElo "2527"]
[BlackElo "2389"]
[TimeControl "180+1"]
[EndTime "11:16:18 PDT"]
[Termination "MagnusSeinFanboy won on time"]

1. d4 d5 2. c4 e6 3. Nc3 Nf6 4. cxd5 Nxd5 5. e4 Nxc3 6. bxc3 c5 7. Nf3 cxd4 8. cxd4 Bb4+ 9. Bd2 Bxd2+ 10. Qxd2 O-O 11. Be2 Nc6 12. O-O b6 13. d5 exd5 14. exd5 Na5 15. d6 Bb7 16. Rfd1 Rc8 17. Qf4 Rc5 18. Rac1 Rd5 19. Rxd5 Bxd5 20. Rc7 Nb7 21. d7 Bxf3 22. Bxf3 Nc5 23. Qd6 Qg5 24. Qxf8+ Kxf8 25. Rc8+ 1-0

[Event "*** SCC Grand Prix: Titled Tuesday Blitz"]
[Site "Chess.com"]
[Date "2020.07.21"]
[Round "7"]
[White "r31415"]
[Black "Undisputed92"]
[Result "0-1"]
[WhiteElo "2453"]
[BlackElo "2647"]
[TimeControl "180+1"]
[EndTime "11:16:19 PDT"]
[Termination "Undisputed92 won by resignation"]

1. e4 c5 2. Nf3 d6 3. d4 cxd4 4.
Nxd4 Nf6 5. Nc3 a6 6. h3 e5 7. Nde2 h5 8. g3 Be6 9. Bg2 Nbd7 10. a4 Rc8 11. Be3 Be7 12. Qd2 Nb6 13. b3 d5 14.
Bxb6 Qxb6 15. Nxd5 Nxd5 16. exd5 Bf5 17. Ra2 Bb4 18.
c3 Bc5 19. O-O Qxb3 20. Rb2 Qxa4 21. Rxb7 O-O 22. Qg5 Bg6 23. Bf3 Qc4 24. Rd7 Qb5 25. Bxh5 Bxh5 26. Qf5 Bxe2 27. Re1 Qd3 28. Qg5 Qf3 29.
Rxe2 Qxe2 30. Qf5 e4 31. h4 e3 0-1

[Event "*** SCC Grand Prix: Titled Tuesday Blitz"]
[Site "Chess.com"]
[Date "2020.07.21"]
[Round "7"]
[White "canary2016"]
[Black "tandaleo"]
[Result "1/2-1/2"]
[WhiteElo "1930"]
[BlackElo "2309"]
[TimeControl "180+1"]
[EndTime "11:16:19 PDT"]
[Termination "Game drawn by repetition"]

1. d4 d5 2. c4 e6 3. Nc3 c6 4.
Bf4 Bd6 5. Bxd6 Qxd6 6. e3 Nf6 7.
Nf3 O-O 8. Be2 dxc4 9. Bxc4 b5 10. Bd3 b4 11. Ne4 Nxe4 12. Bxe4 Bb7 13. Qc2 Nd7 14. Bxh7+ Kh8 15. Bd3 c5 16. dxc5 Nxc5 17. Be2 Rac8 18.
O-O Ne4 19. Qb3 Bd5 20. Qd3 Qe7 21. Nd4 Ba8 22. Bf3 f5 23. Rac1 Rcd8 24. Qe2 e5 25. Nc6 Bxc6 26. Rxc6 Nd2 27. Rd1 e4 28. Rxd2 exf3 29.
Qd1 Qg5 30. g3 Rxd2 31. Qxd2 Qh5 32. Qd6 Qh3 33. Qxf8+ Kh7 34. Rh6+ gxh6 35. Qf7+ Kh8 36. Qf8+ Kh7 37. Qf7+ Kh8 38. Qf8+ Kh7 1/2-1/2

[Event "*** SCC Grand Prix: Titled Tuesday Blitz"]
[Site "Chess.com"]
[Date "2020.07.21"]
[Round "7"]
[White "axvesik"]
[Black "Dauletova"]
[Result "0-1"]
[WhiteElo "2464"]
[BlackElo "2341"]
[TimeControl "180+1"]
[EndTime "11:16:24 PDT"]
[Termination "Dauletova won by resignation"]

1. e4 e5 2. Nf3 Nc6 3. Bc4 Bc5 4. O-O Nf6 5. d3 d6 6. c3 h6 7. Nbd2 a5 8. Re1 O-O 9. Nf1 Be6 10. Bb5 Ne7 11.
h3 Ng6 12. Ng3 c6 13. Ba4 b5 14. Bc2 a4 15. d4 Bb6 16. Be3 a3 17. b4 Qc7 18. Qd2 Rfd8 19. Nf5 d5 20. Bxh6 Nxe4 21. Bxe4 dxe4 22. Nxg7 exf3 23. Nxe6 fxe6 24. Qg5 Qf7 25. Rxe5 Kh7 26. Qh5 Nxe5 27. Qh4 Ng6 28. Qh5 Qf5 0-1

[Event "*** SCC Grand Prix: Titled Tuesday Blitz"]
[Site "Chess.com"]
[Date "2020.07.21"]
[Round "7"]
[White "Happy1712Drummer"]
[Black "Ausbildung"]
[Result "1-0"]
[WhiteElo "2435"]
[BlackElo "2247"]
[TimeControl "180+1"]
[EndTime "11:16:25 PDT"]
[Termination "Happy1712Drummer won by resignation"]

1. d4 g6 2. Nf3 Bg7 3. c3 d6 4. Bg5 c6 5. Nbd2 h6 6. Bh4 g5 7. Bg3 Nf6 8. h3 Nbd7 9. e4 Nh5 10. Bh2 e5 11. Bc4 b5 12. Bb3 a5 13. dxe5 Nxe5 14.
Nxe5 dxe5 15. Qxh5 Qe7 16. a3 Ba6 17. O-O O-O 18.
Rfd1 Rfd8 19. Nf1 b4 20. axb4 Rxd1 21. Rxd1 axb4 22. Ne3 Bc8 23. Nf5 Bxf5 24. exf5 Ra7 25. Qf3 Qc5 26. f6 Bf8 27. Bg3 bxc3 28. Qxc3 Qb6 29.
Bc4 Ra5 30. b3 Rc5 31. Qd3 Qc7 32. Qg6+ Kh8 33. Bxf7 1-0

[Event "*** SCC Grand Prix: Titled Tuesday Blitz"]
[Site "Chess.com"]
[Date "2020.07.21"]
[Round "7"]
[White "jonychess03"]
[Black "13MiRacLe"]
[Result "0-1"]
[WhiteElo "2305"]
[BlackElo "2622"]
[TimeControl "180+1"]
[EndTime "11:16:27 PDT"]
[Termination "13MiRacLe won by resignation"]

1. c4 e5 2. Nc3 Nf6 3. g3 d5 4. cxd5 Nxd5 5. Bg2 Nb6 6. d3 Be7 7. Nf3 Nc6 8. O-O O-O 9. Be3 Re8 10. Rc1 Bf8 11. Na4 Nd4 12. Nc5 c6 13. a4 a5 14.
Nb3 Nxf3+ 15. Bxf3 Nxa4 16. Nc5 Nxc5 17. Bxc5 Bh3 18. Re1 Bxc5 19. Rxc5 Qb6 20. Qc2 Qb4 21.
Rc3 Be6 22. Ra1 g6 23. Ra4 Qb5 24. Rc5 Bb3 25. Rxa5 Rxa5 26. Rxb5 Ra1+ 27. Kg2 Bxc2 28. Rxb7 Ra6 29. Rc7 Bb3 30. Bxc6 Rxc6 0-1

[Event "*** SCC Grand Prix: Titled Tuesday Blitz"]
[Site "Chess.com"]
[Date "2020.07.21"]
[Round "7"]
[White "WeAintSurePal"]
[Black "Chessmatus"]
[Result "1-0"]
[WhiteElo "2312"]
[BlackElo "2419"]
[TimeControl "180+1"]
[EndTime "11:16:28 PDT"]
[Termination "WeAintSurePal won on time"]

1. d4 Nf6 2. Bf4 c5 3. e3 Qb6 4. Nc3 d6 5. Qd2 g6 6. Nf3 Bg7 7. dxc5 Qxc5 8. Bb5+ Nbd7 9. Qd4 O-O 10. Qxc5 Nxc5 11.
h3 a6 12. Bd3 b5 13. a3 Bb7 14. Bh2 Nd5 15. Nxd5 Bxd5 16. O-O-O Rac8 17. Kb1 Nxd3 18. cxd3 b4 19. axb4 Rb8 20. e4 Bb3 21. Rc1 Rxb4 22. e5 Rfb8 23. Rhe1 a5 24. Re2 Bd5 25. d4 dxe5 26.
Bxe5 Bxe5 27. dxe5 a4 28. Rc3 1-0

[Event "*** SCC Grand Prix: Titled Tuesday Blitz"]
[Site "Chess.com"]
[Date "2020.07.21"]
[Round "7"]
[White "bgfbfbgfbgfgf"]
[Black "Mikasinski"]
[Result "1-0"]
[WhiteElo "2641"]
[BlackElo "2433"]
[TimeControl "180+1"]
[EndTime "11:16:30 PDT"]
[Termination "bgfbfbgfbgfgf won on time"]

1. e4 c5 2. Nf3 d6 3. d4 cxd4 4. Nxd4 Nf6 5. Nc3 g6 6. Be3 Bg7 7. f3 O-O 8. Qd2 Nc6 9. g4 Bd7 10. O-O-O Rc8 11. h4 Ne5 12. h5 Qa5 13. hxg6 fxg6 14.
Kb1 Rxc3 15. Qxc3 Qxc3 16. bxc3 Nxf3 17. Nxf3 Bxg4 18. Bc4+ Kh8 19. Ng5 Bxd1 20. Rxd1 h6 21. Ne6 Nxe4 22. Rh1 Ng3 23. Nxf8 Nxh1 24. Nxg6+ Kh7 25.
Nxe7 Bxc3 26. Bd3+ Kg7 27. Nf5+ Kf6 28. Nxd6 Be5 29.
Ne4+ Kg7 30. Be2 b6 31. Bf3 Ng3 32. Nxg3 Bxg3 33. Bh5 Bh4 34. Kb2 Bg5 35. Bd4+ Kf8 36. Kb3 Ke7 37. Kc4 Kd6 38. Kb5 Kd5 39. Bg7 Ke4 40.
Ka6 1-0

[Event "*** SCC Grand Prix: Titled Tuesday Blitz"]
[Site "Chess.com"]
[Date "2020.07.21"]
[Round "7"]
[White "MF1966Idrisov"]
[Black "manmanlai1"]
[Result "1/2-1/2"]
[WhiteElo "2368"]
[BlackElo "2494"]
[TimeControl "180+1"]
[EndTime "11:16:31 PDT"]
[Termination "Game drawn by repetition"]

1. Nf3 d5 2. b3 Nf6 3. Bb2 g6 4. e3 Bg7 5. d4 O-O 6. Bd3 c6 7. h3 Bf5 8. O-O Nbd7 9. Nbd2 Bxd3 10. cxd3 Re8 11. Qe2 e6 12. Rfc1 h5 13. b4 a6 14.
Nb3 Bf8 15. Nc5 Nxc5 16. dxc5 Bg7 17. e4 Nd7 18. e5 Bh6 19. Rf1 a5 20. a3 axb4 21.
axb4 Qe7 22. d4 Qf8 23. g3 Rxa1 24. Rxa1 Ra8 25. Qd1 Qb8 26. Ra4 b6 27. Bc3 Qb7 28. Qa1 Rxa4 29. Qxa4 b5 30. Qa5 Qc8 31. Bd2 Bxd2 32.
Nxd2 Kg7 33. Kg2 Kf8 34. Qa7 Ke7 35. Nb3 Qb8 36. Qa6 Qc7 37. Na5 Nb8 38. Qa8 Kd7 39. h4 Ke7 40. Kf3 Kd7 41. Kf4 Kc8 42. f3 f6 43. Nb3 Kd8 44. g4 Ke7 45. g5 fxg5+ 46. hxg5 Kf7 47. Kg3 Ke8 48. f4 Kd8 49. Na5 Kc8 50.
Kh4 Qd7 51. Kg3 Qc7 52. Kh4 Qf7 53. Kg3 Qc7 1/2-1/2

[Event "*** SCC Grand Prix: Titled Tuesday Blitz"]
[Site "Chess.com"]
[Date "2020.07.21"]
[Round "7"]
[White "cukin84"]
[Black "a3aki"]
[Result "1-0"]
[WhiteElo "2168"]
[BlackElo "2026"]
[TimeControl "180+1"]
[EndTime "11:16:32 PDT"]
[Termination "cukin84 won by checkmate"]

1. e4 e5 2. Nf3 Nc6 3. c3 Nf6 4. d4 exd4 5. e5 Nd5 6. cxd4 d6 7. Bb5 Bd7 8. Qe2 Be7 9. exd6 cxd6 10. O-O O-O 11.
Nc3 Nxc3 12. bxc3 a6 13. Bd3 Bf6 14. Bf4 Bg4 15. Qc2 g6 16. Nd2 Bg7 17. Be4 d5 18. Bf3 Bf5 19. Qb3 Ne7 20. Qxb7 Qd7 21. Qxd7 Bxd7 22.
Rab1 Bb5 23. c4 Bc6 24. c5 Nf5 25. Nb3 Nxd4 26. Nxd4 Bxd4 27. Bd6 Rfe8 28. h4 Be5 29. Rfc1 a5 30. Rb6 Rac8 31. g3 Kg7 32. Bg4 f5 33.
Bf3 h5 34. Kg2 a4 35. Rd1 Bxd6 36. cxd6 Ba8 37. d7 Red8 38. dxc8=Q Rxc8 39. Rd6 Rc2 40. Bxd5 Bxd5+ 41. R1xd5 Rxa2 42. Ra5 Ra1 43. Rda6 Rd1 44. Rxa4 Rd7 45. Ra7 Rxa7 46. Rxa7+ Kh6 47. Kf3 f4 48. Kxf4 g5+ 49. hxg5+ Kg6 50. Ra6+ Kg7 51. Kf5 h4 52. gxh4 Kf7 53. Ra7+ Ke8 54. Kf6 Kd8 55. h5 Kc8 56. h6 Kb8 57. Re7 Kc8 58. h7 Kd8 59. h8=Q# 1-0

[Event "*** SCC Grand Prix: Titled Tuesday Blitz"]
[Site "Chess.com"]
[Date "2020.07.21"]
[Round "7"]
[White "Crazy_girl99"]
[Black "ajdemipopushi"]
[Result "1-0"]
[WhiteElo "2485"]
[BlackElo "2346"]
[TimeControl "180+1"]
[EndTime "11:16:41 PDT"]
[Termination "Crazy_girl99 won on time"]

1. Nf3 c5 2. g3 g6 3. Bg2 Bg7 4.
O-O Nc6 5. c3 b6 6. d4 Bb7 7. e4 d6 8. Be3 Qd7 9. Nbd2 Nf6 10. a4 O-O 11. Qe2 Ng4 12. Bh3 h5 13. d5 Nb8 14. Ng5 f5 15. Bf4 Rf6 16. exf5 Qxf5 17. f3 Qxd5 18. c4 Qc6 19. fxg4 Qh1+ 20. Kf2 Qxh2+ 21. Ke1 Qxe2+ 22. Kxe2 1-0

[Event "*** SCC Grand Prix: Titled Tuesday Blitz"]
[Site "Chess.com"]
[Date "2020.07.21"]
[Round "7"]
[White "amatatanav"]
[Black "diablanni"]
[Result "1-0"]
[WhiteElo "2494"]
[BlackElo "2330"]
[TimeControl "180+1"]
[EndTime "11:16:41 PDT"]
[Termination "amatatanav won on time"]

1. e4 c5 2. Ne2 Nc6 3. Nbc3 g6 4. d4 cxd4 5. Nxd4 Bg7 6. Be3 Nf6 7. Nxc6 bxc6 8. e5 Ng8 9. Bd4 f6 10. Qe2 fxe5 11.
Bxe5 Nf6 12. h4 O-O 13. h5 Nxh5 14. Bxg7 Kxg7 15. O-O-O d6 16. Qe3 Bf5 17. Be2 Qb6 18. Qxe7+ Rf7 19. Qxd6 Qxf2 20. g4 Ng3 21. Qe5+ Kg8 22.
gxf5 1-0

[Event "*** SCC Grand Prix: Titled Tuesday Blitz"]
[Site "Chess.com"]
[Date "2020.07.21"]
[Round "7"]
[White "Vandros57"]
[Black "ferdipy"]
[Result "1-0"]
[WhiteElo "2128"]
[BlackElo "2317"]
[TimeControl "180+1"]
[EndTime "11:16:42 PDT"]
[Termination "Vandros57 won by checkmate"]

1. c4 e5 2. Nc3 Nc6 3. Nf3 g6 4. d4 exd4 5. Nd5 Bg7 6. Bg5 f6 7. Bf4 d6 8. Nxd4 Nge7 9. e4 Nxd4 10. Qxd4 Nc6 11. Qe3 O-O 12. Bd3 Ne5 13. O-O Nxd3 14. Qxd3 f5 15. exf5 Bxf5 16. Qd2 Qd7 17. Rfe1 Rae8 18.
h3 Be4 19. Bh6 c6 20. Bxg7 Kxg7 21. Nc3 Bf5 22. Rad1 Rxe1+ 23. Rxe1 Rf6 24. Qe3 b6 25. g4 Re6 26. Qd4+ Re5 27. gxf5 Qxf5 28. Rxe5 dxe5 29. Qg4 Qd3 30. Qe4 Qxh3 31. Qxc6 Qg4+ 32. Kf1 Qf4 33. Ne4 Qc1+ 34. Kg2 Qxb2 35. Qf6+ Kh6 36. Ng5 Qd4 37. Nf7+ Kh5 38. Qg5# 1-0

[Event "*** SCC Grand Prix: Titled Tuesday Blitz"]
[Site "Chess.com"]
[Date "2020.07.21"]
[Round "7"]
[White "Arjun2002"]
[Black "aNaartjieZA"]
[Result "1-0"]
[WhiteElo "2613"]
[BlackElo "2454"]
[TimeControl "180+1"]
[EndTime "11:16:46 PDT"]
[Termination "Arjun2002 won by resignation"]

1. e4 e6 2. d4 d5 3. Nc3 Bb4 4.
e5 c5 5. a3 Bxc3+ 6. bxc3 Ne7 7. h4 Qc7 8. Nf3 b6 9. h5 h6 10.
a4 Ba6 11. Bb5+ Bxb5 12. axb5 a5 13. bxa6 Rxa6 14. Rxa6 Nxa6 15. g4 cxd4 16. Qxd4 Nc6 17. Qe3 Nc5 18. O-O Na5 19. Nd2 Nd7 20. f4 Qc5 21. Nf3 Qxe3+ 22. Bxe3 Nc4 23. Bd4 Ke7 24. Ra1 f6 25. Ra7 Rf8 26. Kg2 fxe5 27. Nxe5 Nxe5 28. Bxe5 Rg8 29. g5 hxg5 30. fxg5 Rh8 31.
h6 Rg8 32. Bxg7 Kd6 33. h7 1-0

[Event "*** SCC Grand Prix: Titled Tuesday Blitz"]
[Site "Chess.com"]
[Date "2020.07.21"]
[Round "7"]
[White "awesomevishesh"]
[Black "Makswolf200817"]
[Result "0-1"]
[WhiteElo "2342"]
[BlackElo "2483"]
[TimeControl "180+1"]
[EndTime "11:16:46 PDT"]
[Termination "Makswolf200817 won on time"]

1. e4 c5 2. Nf3 e6 3. d4 cxd4 4. Nxd4 a6 5. c4 Nf6 6. Nc3 Qc7 7. Be2 b6 8. f4 d6 9. O-O Bb7 10. Qd3 Nbd7 11. b4 Rc8 12. Bd2 Be7 13. Rac1 O-O 14. g4 h6 15. h4 Rfd8 16. g5 hxg5 17. hxg5 Ne8 18. g6 Nef6 19. gxf7+ Kxf7 20. Nd5 exd5 21.
cxd5 Qb8 22. Ne6 Rh8 23. Qg3 Rcg8 24. Rc7 Nxe4 25. Qg4 Ndf6 26. Qf5 Rh1+ 27. Kxh1 Ng3+ 28. Kg2 Nxf5 0-1

[Event "*** SCC Grand Prix: Titled Tuesday Blitz"]
[Site "Chess.com"]
[Date "2020.07.21"]
[Round "7"]
[White "sergiochess83"]
[Black "GGfrances"]
[Result "1/2-1/2"]
[WhiteElo "2841"]
[BlackElo "2507"]
[TimeControl "180+1"]
[EndTime "11:16:47 PDT"]
[Termination "Game drawn by repetition"]

1. e4 c5 2. Nf3 g6 3. d4 cxd4 4. Nxd4 Bg7 5. c4 Nc6 6. Be3 Nf6 7. Nc3 Ng4 8. Qxg4 Nxd4 9. Qd1 Ne6 10. Rc1 O-O 11. Be2 b6 12. Qd2 f5 13. exf5 Rxf5 14.
O-O Rf7 15. Nd5 Bb7 16. b4 Rc8 17. f4 Qf8 18. Bf3 Ba8 19. g3 Nc7 20. Bg2 e6 21. Nxc7 Rxc7 22. c5 Bxg2 23. Qxg2 Qc8 24. Qe4 bxc5 25.
Rxc5 Rxc5 26. Bxc5 a5 27. a3 axb4 28. axb4 d5 29.
Qe3 Rf5 30. Qd3 Qa8 31. Re1 e5 32. fxe5 Rxe5 33. Rxe5 Bxe5 34. Bd4 Bxd4+ 35. Qxd4 Qa2 36. Qc5 Qd2 37. b5 Qe1+ 38. Kg2 Qe2+ 39. Kg1 Qe1+ 40. Kg2 Qe2+ 41. Kg1 Qe1+ 1/2-1/2

[Event "*** SCC Grand Prix: Titled Tuesday Blitz"]
[Site "Chess.com"]
[Date "2020.07.21"]
[Round "7"]
[White "NotFischer"]
[Black "Joseacorrea"]
[Result "1/2-1/2"]
[WhiteElo "2245"]
[BlackElo "1986"]
[TimeControl "180+1"]
[EndTime "11:16:48 PDT"]
[Termination "Game drawn by agreement"]

1. e4 c5 2. Nf3 g6 3. d4 cxd4 4. Nxd4 Bg7 5. Nc3 Nc6 6. Be3 Nf6 7. Be2 O-O 8. O-O d5 9. exd5 Nxd5 10. Nxd5 Qxd5 11.
Bf3 Qd7 12. Nxc6 bxc6 13. c3 Qe6 14. Bd4 Rd8 15. Re1 Qc4 16. b3 Qb5 17. Rxe7 Be6 18.
Qc1 Bxd4 19. cxd4 Rxd4 20. Qxc6 Qxc6 21. Bxc6 Rc8 22. Bf3 a5 23. Ra7 Rc2 24. Rxa5 Rdd2 25. Rf1 Rxa2 26. Rxa2 Rxa2 27. Bd1 Rb2 28. f4 Bxb3 29.
Bxb3 Rxb3 30. g3 Kg7 31. Rf2 1/2-1/2

[Event "*** SCC Grand Prix: Titled Tuesday Blitz"]
[Site "Chess.com"]
[Date "2020.07.21"]
[Round "7"]
[White "Iskusnyh"]
[Black "Pavel_Mir"]
[Result "1-0"]
[WhiteElo "2489"]
[BlackElo "2349"]
[TimeControl "180+1"]
[EndTime "11:16:50 PDT"]
[Termination "Iskusnyh won by resignation"]

1. d4 Nf6 2. c4 c6 3. Nf3 d5 4.
e3 g6 5. Nc3 Bg7 6. Be2 O-O 7.
O-O Bf5 8. Bd2 Ne4 9. Rc1 Nxd2 10.
Qxd2 dxc4 11. Bxc4 e5 12. Rfd1 e4 13. Ne1 Nd7 14.
Nc2 h5 15. b4 Qg5 16. Na1 h4 17. Bf1 Rad8 18. Nb3 Ne5 19. Qc2 h3 20. dxe5 hxg2 21. Bxg2 Bxe5 22. Nxe4 Qh4 23. f4 Bc7 24. Nd4 Bg4 25. Re1 Rfe8 26. Qf2 Qh5 27. Nf6+ 1-0

[Event "*** SCC Grand Prix: Titled Tuesday Blitz"]
[Site "Chess.com"]
[Date "2020.07.21"]
[Round "7"]
[White "pedro_nascimento85"]
[Black "m-garcett"]
[Result "0-1"]
[WhiteElo "1917"]
[BlackElo "2046"]
[TimeControl "180+1"]
[EndTime "11:16:51 PDT"]
[Termination "m-garcett won by resignation"]

1. d4 Nf6 2. c4 e5 3. dxe5 Ng4 4. e3 Nxe5 5. Nh3 Nbc6 6. Nf4 Bb4+ 7. Bd2 Bxd2+ 8. Qxd2 d6 9. Nc3 O-O 10. Be2 Be6 11.
b3 a5 12. O-O Qh4 13. Nb5 Rac8 14. Nxe6 fxe6 15. Nd4 Rf6 16. Nf3 Qh6 17. Nxe5 Nxe5 18. Qxa5 Rf5 19. Qb4 b6 20. f4 Ng6 21. Bg4 Rf6 22.
Qb5 Rcf8 23. Qd7 Nh4 24. Qxc7 e5 25. Qxb6 exf4 26. exf4 Rxf4 27. Rfe1 Rxg4 28. Qd4 Rxd4 0-1

[Event "*** SCC Grand Prix: Titled Tuesday Blitz"]
[Site "Chess.com"]
[Date "2020.07.21"]
[Round "7"]
[White "XDPS"]
[Black "MFguimaraes"]
[Result "1-0"]
[WhiteElo "2711"]
[BlackElo "2410"]
[TimeControl "180+1"]
[EndTime "11:16:52 PDT"]
[Termination "XDPS won by resignation"]

1. e4 e5 2. Nf3 Nc6 3. Bb5 Nf6 4. Nc3 Bb4 5. Nd5 Bc5 6. O-O O-O 7. d3 Nxd5 8. exd5 Nd4 9. Nxd4 Bxd4 10. c3 Bb6 11. Kh1 c6 12. dxc6 bxc6 13. Ba4 Qh4 14. f4 e4 15.
dxe4 Ba6 16. Rf3 Rae8 17. Bc2 d5 18. e5 Qd8 19. Rh3 g6 20. Be3 f6 21. Bxb6 axb6 22. Rxh7 f5 23. Rh3 Rf7 24. Qd2 Rh7 25. Rxh7 Kxh7 26. g4 Bc8 27. gxf5 Bxf5 28. Bxf5 gxf5 29.
Rg1 Rg8 30. Qd3 Rxg1+ 31. Kxg1 Qg8+ 32. Kf2 Qg4 33. Qf3 Qh4+ 34. Kg2 Qe1 35. Qh3+ Kg6 36.
Qg3+ Qxg3+ 37. hxg3 c5 38. Kf3 Kh5 39. a4 c4 40. Ke3 Kg6 41. Kd4 1-0

[Event "*** SCC Grand Prix: Titled Tuesday Blitz"]
[Site "Chess.com"]
[Date "2020.07.21"]
[Round "7"]
[White "qingaunlee"]
[Black "pavelalexandru07"]
[Result "1-0"]
[WhiteElo "2344"]
[BlackElo "2133"]
[TimeControl "180+1"]
[EndTime "11:16:52 PDT"]
[Termination "qingaunlee won by checkmate"]

1. e4 c5 2. Nf3 d6 3. d4 cxd4 4.
Nxd4 Nf6 5. Nc3 a6 6. Bg5 Nbd7 7. f4 Qc7 8. Qf3 h6 9. Bh4 g5 10. fxg5 hxg5 11. Bxg5 Qc5 12. Be3 Ne5 13. Qd1 Neg4 14. Bg1 Bh6 15. Nf5 Qe5 16. Bd4 Qf4 17. g3 Qg5 18.
Bd3 Bxf5 19. exf5 O-O-O 20. Qe2 e5 21. Bb6 Rd7 22. Bxa6 bxa6 23. Qxa6+ Kb8 24. Rd1 Qxf5 25. Rxd6 Be3 26. Rf1 Qxc2 27. Bxe3 Nxe3 28. Rb6+ Kc7 29. Rb7+ Kd8 30. Rb8+ Ke7 31. Qxf6# 1-0

[Event "*** SCC Grand Prix: Titled Tuesday Blitz"]
[Site "Chess.com"]
[Date "2020.07.21"]
[Round "7"]
[White "MusicCityMaster"]
[Black "GMJustin"]
[Result "1-0"]
[WhiteElo "2450"]
[BlackElo "2305"]
[TimeControl "180+1"]
[EndTime "11:16:53 PDT"]
[Termination "MusicCityMaster won on time"]

1. d4 d5 2. c4 dxc4 3. Nf3 a6 4. e3 Bg4 5. Bxc4 e6 6. Qe2 c5 7. dxc5 Bxc5 8. O-O Nc6 9. Nbd2 Nf6 10. Rd1 Qe7 11. h3 Bh5 12. b3 Ne5 13. g4 Nxc4 14.
Nxc4 Bg6 15. Bb2 O-O 16. Nfe5 Rfd8 17. Nxg6 hxg6 18. Qf3 Nd5 19. Rac1 f6 20. Qe4 g5 21. Na5 Bb6 22. Nc4 Bc7 23. Kg2 Rd7 24. h4 gxh4 25.
Rh1 g5 26. Nd2 Re8 27. Nf3 Qh7 28. Qc4 b5 29. Qc6 1-0

[Event "*** SCC Grand Prix: Titled Tuesday Blitz"]
[Site "Chess.com"]
[Date "2020.07.21"]
[Round "7"]
[White "VladimirBugayev"]
[Black "pfalcon1949"]
[Result "0-1"]
[WhiteElo "2144"]
[BlackElo "2011"]
[TimeControl "180+1"]
[EndTime "11:16:53 PDT"]
[Termination "pfalcon1949 won by resignation"]

1. e4 e6 2. d4 d5 3. Nd2 c5 4.
exd5 exd5 5. Ngf3 c4 6. b3 cxb3 7. axb3 a6 8. c3 Nc6 9. Bd3 Bd6 10. O-O Nge7 11. Re1 O-O 12. Nf1 Bf5 13. Ng3 Bxd3 14.
Qxd3 Qc7 15. Ba3 Rfe8 16. Bxd6 Qxd6 17. Ne5 Nxe5 18. dxe5 Qb6 19. b4 Rad8 20. Ra5 d4 21. e6 fxe6 22. h4 dxc3 23. Qxc3 Nd5 24. Qe5 Qxb4 25. Nh5 Re7 26. Rxd5 Rxd5 27. Qb8+ Kf7 28. Re5 Rd1+ 29. Kh2 Qd6 30. Qxd6 Rxd6 31. Rg5 g6 32. Nf4 b5 33. h5 e5 34. hxg6+ hxg6 35. Nh3 Kf6 36.
Rg3 e4 37. Rg4 Rde6 38. Rf4+ Kg7 39. Ng5 Re5 0-1

[Event "*** SCC Grand Prix: Titled Tuesday Blitz"]
[Site "Chess.com"]
[Date "2020.07.21"]
[Round "7"]
[White "Carnivoras"]
[Black "crescentmoon2411"]
[Result "1-0"]
[WhiteElo "2635"]
[BlackElo "2799"]
[TimeControl "180+1"]
[EndTime "11:16:54 PDT"]
[Termination "Carnivoras won by resignation"]

1. d4 Nf6 2. c4 g6 3. Nc3 Bg7 4.
e4 d6 5. Nf3 O-O 6. Be2 e5 7.
O-O Nbd7 8. Qc2 c6 9. Rd1 Qc7 10.
h3 Re8 11. Be3 exd4 12. Nxd4 Nc5 13. Bf3 Nfd7 14. Rac1 b6 15. Nxc6 Qxc6 16. e5 Qxf3 17. gxf3 Nxe5 18. Qe2 Bf5 19. Rxd6 Ned3 20. Rd1 Nf4 21.
Qd2 Nxh3+ 22. Kg2 Rac8 23. Rh1 Ne6 24. Rxh3 Bxh3+ 25. Kxh3 Rxc4 26. Ne4 Rec8 27. b3 Rc2 28. Qd5 Re8 29. Ng5 Nxg5+ 30. Qxg5 h6 31. Qb5 Re5 32.
Rd8+ Kh7 33. Qd7 Rf5 34. Qe8 g5 35. Qe4 1-0

[Event "*** SCC Grand Prix: Titled Tuesday Blitz"]
[Site "Chess.com"]
[Date "2020.07.21"]
[Round "7"]
[White "KaterynaLagno"]
[Black "Witik"]
[Result "1/2-1/2"]
[WhiteElo "2727"]
[BlackElo "2607"]
[TimeControl "180+1"]
[EndTime "11:16:56 PDT"]
[Termination "Game drawn by repetition"]

1. e4 c6 2. d4 d5 3. Nc3 dxe4 4. Nxe4 Nf6 5. Nxf6+ exf6 6. Bc4 Be7 7. c3 O-O 8. Nf3 Bg4 9. O-O Nd7 10. Re1 Bd6 11. Bd3 Qc7 12. h3 Be6 13. Qc2 h5 14. Bh7+ Kh8 15.
Rxe6 fxe6 16. Qg6 f5 17. Ng5 Nf6 18. Bd2 Rae8 19. Re1 Bh2+ 20. Kh1 Bf4 21. Bxf4 Qxf4 22. Rxe6 Qc1+ 23. Kh2 Qf4+ 24. Kg1 Qc1+ 25. Kh2 Qf4+ 26.
Kg1 Qc1+ 27. Kh2 1/2-1/2

[Event "*** SCC Grand Prix: Titled Tuesday Blitz"]
[Site "Chess.com"]
[Date "2020.07.21"]
[Round "7"]
[White "Borsuk_Konstantin"]
[Black "margarita_2703"]
[Result "1-0"]
[WhiteElo "2561"]
[BlackElo "2390"]
[TimeControl "180+1"]
[EndTime "11:16:59 PDT"]
[Termination "Borsuk_Konstantin won by resignation"]

1. d4 Nf6 2. c4 e6 3. Nc3 d5 4. cxd5 exd5 5. Bg5 Be7 6. e3 O-O 7.
Bd3 c6 8. Qc2 Nbd7 9. Nge2 Re8 10.
Bh4 Ne4 11. Bg3 Ndf6 12. O-O-O b5 13. f3 Nxc3 14. Nxc3 b4 15. Na4 Bd7 16. Kb1 Qa5 17. Rhe1 Rac8 18. Nc5 Bxc5 19. dxc5 Be6 20. b3 h6 21. Bd6 d4 22. e4 Red8 23. Bc4 Bxc4 24. Qxc4 Qb5 25. Rxd4 Qxc4 26. Rxc4 a5 27. Kb2 Ne8 28.
Rd1 Rd7 29. Rcd4 Rcd8 30. e5 f6 31. e6 Rb7 32. g4 g5 33. f4 Kg7 34. f5 a4 35. bxa4 Ra8 36. Kb3 Rba7 37. Rxb4 1-0

[Event "*** SCC Grand Prix: Titled Tuesday Blitz"]
[Site "Chess.com"]
[Date "2020.07.21"]
[Round "7"]
[White "mfwagnerpeixoto"]
[Black "FMalexhdez"]
[Result "1-0"]
[WhiteElo "2273"]
[BlackElo "2129"]
[TimeControl "180+1"]
[EndTime "11:16:59 PDT"]
[Termination "mfwagnerpeixoto won on time"]

1. d4 Nf6 2. c4 e6 3. Nc3 Bb4 4. Qc2 c5 5. dxc5 Na6 6. a3 Bxc3+ 7.
Qxc3 Nxc5 8. f3 d5 9. b4 Na4 10.
Qc2 Bd7 11. c5 d4 12. e3 e5 13. exd4 exd4 14. Bd3 O-O 15. Ne2 b6 16. c6 Rc8 17. Qxa4 Bxc6 18. b5 Bb7 19. O-O Nd5 20. Qxd4 Re8 21. Bb2 f6 22. Bc4 Kh8 23. Bxd5 Bxd5 24. Nc3 Bc4 25. Qxd8 Rexd8 26. Rfd1 Rd3 27. Rxd3 Bxd3 28. Rd1 1-0